 Dungeon Crawl Stone Soup version 0.30-a0-4-ga7cffc901d (webtiles) character file.

Game seed: 3942466858349991367

26 quinnr the Sneak (level 2, -2/23 HPs)
             Began as a Vampire Delver on Aug 21, 2022.
             Slain by a gnoll
             ... wielding a +0 whip
              (5 damage)
             ... on level 5 of the Dungeon.
             The game lasted 00:03:28 (614 turns).

quinnr the Sneak (Vampire Delver)                    Turns: 614, Time: 00:03:29

Health: -2/23      AC:  3    Str: 11    XL:     2   Next: 89%
Magic:  2/2        EV: 12    Int: 12    God:
Gold:   32         SH:  0    Dex: 15    Spells: 1/1 levels left

rFire   . . .      SeeInvis +    a - +0 falchion
rCold   . . .      Faith    .    (no shield)
rNeg    . . .      Spirit   .    b - +0 leather armour
rPois   .          Reflect  .    (no helmet)
rElec   .          Harm     .    (no cloak)
rCorr   .          Rampage  .    (no gloves)
Will    .....                    (no boots)
Stlth   +++.......               (no amulet)
HPRegen 0.27/turn                (no ring)
MPRegen 0.08/turn                (no ring)

@: healing quickly
A: alive, fangs 3, see invisible, vampiric 1
a: Exsanguinate


You were on level 5 of the Dungeon.
You visited 1 branch of the dungeon, and saw 3 of its levels.

You collected 32 gold pieces.

Inventory:

Hand Weapons
 a - a +0 falchion (weapon)
Armour
 b - a +0 leather armour (worn)
Wands
 g - a wand of digging (3)
 h - a wand of charming (7)
Scrolls
 c - a scroll of fog
 d - a scroll of magic mapping
 e - a scroll of fear
 i - a scroll of enchant armour {unknown}
 k - a scroll of blinking {unknown}
 l - a scroll of identify {unknown}
Potions
 f - a potion of haste
 j - a potion of heal wounds {unknown}


   Skills:
 - Level 2.6 Fighting
 + Level 3.4 Long Blades
 - Level 2.1 Dodging
 - Level 7.2 Stealth


You had one spell level left.
You didn't know any spells.
Your spell library was empty.

Dungeon Overview and Level Annotations

Branches:
Dungeon (6/15)
 Temple: D:4-7

Altars:


Innate Abilities, Weirdness & Mutations

Your natural rate of healing is accelerated.
You have razor-sharp teeth.
You have supernaturally acute eyesight. (SInv)
You are afflicted with vampirism.


Message History

The iguana barely misses your ogre.
Your ogre barely misses the iguana.
The iguana bites your ogre!
Your ogre hits the iguana with a +0 giant club!!
The iguana dies!
Your Long Blades skill increases to level 3!
You have reached level 2!
l - a scroll labelled ENIUZAH ENGYPT
There are no items here.
What are your orders? t - Shout!
Orders for allies: a - Attack new target. r - Retreat! s - Stop attacking. g - Guard the area. f - Follow me.
Anything else - Cancel.
Retreat in which direction?
Press: ? - help, Dir - move target Fall back!
Found a scale mail.
As you open the door, it creaks loudly! 4 gnolls come into view.
The gnoll shouts!
You hear a howl!
The gnoll throws a throwing net.
The throwing net hits you.
You become entangled in the net!
Unknown command.
You struggle against the net.
You struggle against the net.
The gnoll hits you with a +0 whip. The gnoll barely misses you.
The gnoll hits you from afar with a +0 spear. x2
A howler monkey comes into view.
You shred the net and break free! The gnoll completely misses you.
The gnoll hits you but does no damage.
The gnoll hits you from afar with a +0 spear.
The gnoll hits you but does no damage.
The howler monkey hoots and howls with incredible vigour!
Unknown command.
The gnoll attacks as you move away! The gnoll hits you with a +0 whip.
The gnoll attacks as you move away! The gnoll hits you with a +0 whip!
* * * LOW HITPOINT WARNING * * *
The gnoll attacks as you move away! The gnoll hits you with a +0 whip.
You die...

..#...# # #.# #.#...# #.#
#.#...# #.# #.##### ####.#
#.# ..##.# #.# ## #.##.#
#.#.#.. #.##.#
[#.....##.##.#############
#.....'.g.gg.g@.........#
#.....##.##.##########.##
#.### #.##.# #.# #.##.#
#.# #.##.# #.# #....# #.#
###### #.# #.# #.#


You could see 4 gnolls.

Vanquished Creatures
  A frilled lizard (D:5)
1 creature vanquished.

Vanquished Creatures (collateral kills)
  An iguana (D:5)
1 creature vanquished.

Vanquished Creatures (others)
  2 plants (D:5)
2 creatures vanquished.

Grand Total: 4 creatures vanquished

Notes
Turn   | Place    | Note
-------+----------+-------------------------------------------
     0 | D:5      | quinnr the Vampire Delver began the quest for the Orb.
     0 | D:5      | Reached XP level 1. HP: 17/17 MP: 1/1
   116 | D:5      | Noticed an iguana
   193 | D:4      | Noticed an ogre
   485 | D:5      | Noticed an ogre
   509 | D:5      | Killed an iguana
   510 | D:5      | Reached XP level 2. HP: 23/23 MP: 2/2
   605 | D:5      | Noticed a howler monkey
   613 | D:5      | HP: 2/23 [gnoll/+0 whip (7)]
   614 | D:5      | Slain by a gnoll

Illustrated notes

Levels and vault maps discovered:
D:4:      layout_gridville, uniq_eustachio
D:5:      layout_basic, kennysheep_path_1, minmay_lizard_king
D:6:      layout_basic, kiku_gazebo_pond_becter, uniq_blork_the_orc

Skill      XL: |  1 |
---------------+----+-----
Long Blades    | 3 |  3.4
Fighting       | |  2.6
Dodging        | |  2.1
Stealth        | |  7.2

Action                   || total
-------------------------++-------
Melee: Falchion          ||     4
Evoke: Wand              ||     3
Armor: Leather armour    ||     2
Dodge: Dodged            ||     7

Table legend: (Time is in decaauts)
 A = Elapsed time spent in this place.
 B = Non-inter-level travel time spent in this place.
 C = Inter-level travel time spent in this place.
 D = Time resting spent in this place.
 E = Time spent auto-exploring this place.
 F = Levels seen in this place.
 G = Mean time per level.
                   A        B        C        D        E       F      G
               +--------+--------+--------+--------+--------+-----+--------+
         Total |    615 |    556 |     59 |    100 |     47 |   3 |  205.0 |
       Dungeon |    615 |    556 |     59 |    100 |     47 |   3 |  205.0 |
               +--------+--------+--------+--------+--------+-----+--------+

Top non-repeatable levels by time:
     D:5: 606 daAuts
     D:6: 6 daAuts
     D:4: 1 daAuts
